 Dungeon Crawl Stone Soup version 0.31-a0-977-gc230f8ef24 (webtiles) character file.

Game seed: 1561568941894100600

44 BinkBink the Ruffian (level 3, -2/54 HPs)
             Began as a Troll Monk on Oct 29, 2023.
             Succumbed to Sigmund's poison
             ... on level 3 of the Dungeon.
             The game lasted 00:02:11 (929 turns).

BinkBink the Ruffian (Troll Monk)                    Turns: 929, Time: 00:02:12

Health: -2/54      AC: 11    Str: 21    XL:     3   Next: 39%
Magic:  2/2        EV: 10    Int:  6    God:
Gold:   125        SH:  0    Dex: 14    Spells: 2/2 levels left

rFire   . . .        o - +5 war axe of the Uplifting Gods {freeze, Str+2}
rCold   . . .        c - orb {light}
rNeg    . . .        a - +0 robe
rPois   .            i - +2 hat
rElec   .            m - +0 cloak
rCorr   .            (gloves unavailable)
SInv    .            (boots unavailable)
Will    .....        (no amulet) Stlth
                     h - +4 ring of protection
HPRegen 1.09/turn    (no ring)
MPRegen 0.08/turn

%: no passive effects
@: berserking, lethally poisoned (-2 -> -13), glowing, very quick
A: large, unfitting armour, claws 3, regeneration 1, shaggy fur 1, tough skin 1
a: no special abilities


You were on level 3 of the Dungeon.
You visited 1 branch of the dungeon, and saw 3 of its levels.

You collected 125 gold pieces.

Inventory:

Hand Weapons
 o - the +5 war axe of the Uplifting Gods (weapon) {freeze, Str+2}
   (You took it off a goblin on level 2 of the Dungeon)

   Str+2:     It affects your strength (+2).
 p - the +8 mace of Fear {freeze, Stlth+}
   (You found it on level 2 of the Dungeon)

   Stlth+:    It makes you more stealthy.
Missiles
 d - 2 throwing nets
Armour
 a - a +0 robe (worn)
 c - an orb of light (worn)
 i - a +2 hat (worn)
 m - a +0 cloak (worn)
Jewellery
 h - a +4 ring of protection (left claw)
 l - an amulet of magic regeneration
 q - a ring of positive energy
Talismans
 g - a talisman of death
Scrolls
 e - a scroll of poison {unknown}
 j - a scroll of blinking {unknown}
Potions
 b - a potion of ambrosia
 f - a potion of berserk rage
 k - a potion of heal wounds {unknown}
 n - a potion of magic {unknown}


   Skills:
 + Level 2.8 Fighting
 + Level 2.8 Dodging
 * Level 3.7 Unarmed Combat


You had 2 spell levels left.
You didn't know any spells.
Your spell library was empty.

Dungeon Overview and Level Annotations

Branches:
Dungeon (3/15)

Altars:

Shops:
D:2 (

Annotations:
D:3 Sigmund


Innate Abilities, Weirdness & Mutations

You are too large for most types of armour.
You have claws for hands.
Your natural rate of healing is unusually fast.
You are covered in fur. (AC +1)
You have tough skin. (AC +1)


Message History

You are more poisoned.
You feel very sick. The adder bites you but does no damage.
You feel sick. Sigmund gestures at you while chanting. The magic dart hits you.
The adder bites you but does no damage.
You miss the adder.
The adder is almost dead.
You hit Sigmund. You freeze Sigmund.
You feel less confused.
You feel very sick. The adder closely misses you.
Sigmund hits you but does no damage.
You are more poisoned.
The adder bites you but does no damage.
You hit Sigmund. You freeze Sigmund.
Sigmund is moderately wounded.
You hit the adder. You freeze the adder.
You kill the adder!
You feel very sick.
Sigmund hits you with a +1 scythe of venom.
* * * LOW HITPOINT WARNING * * *
You are lethally poisoned!
You barely miss Sigmund.
Sigmund is moderately wounded.
* * * LOW HITPOINT WARNING * * *
You feel very sick. Sigmund completely misses you.
A ball python comes into view.
Unknown command.
The ball python hisses angrily.
You slash Sigmund! You freeze Sigmund.
Sigmund is severely wounded.
* * * LOW HITPOINT WARNING * * *
You feel very sick. Sigmund hits you but does no damage.
You are more poisoned.
It was a potion of berserk rage.
A red film seems to cover your vision as you go berserk!
You feel yourself moving faster!
You feel mighty!
You die...

....! ......
..... ......
###...##......
.............
#...........
#...........
####....^......
###......<.......
#....@...########
#>..@....#
..S.....####
........#
........#
........#
........#
........#
.########


You could see Sigmund and a ball python.

Vanquished Creatures
  An adder (D:3)
  A dart slug (D:1)
  A ball python (D:1)
  4 endoplasms (D:1)
  6 goblins
  A hobgoblin (D:3)
  6 kobolds
  A quokka (D:1)
  3 bats (D:1)
  2 frilled lizards
  5 rats (D:1)
31 creatures vanquished.

Notes
Turn   | Place    | Note
-------+----------+-------------------------------------------
     0 | D:1      | BinkBink the Troll Monk began the quest for the Orb.
     0 | D:1      | Reached XP level 1. HP: 22/22 MP: 0/0
    90 | D:1      | Reached XP level 2. HP: 29/29 MP: 1/1
   343 | D:1      | Reached XP level 3. HP: 35/36 MP: 2/2
   478 | D:2      | Found Dabb's Weapon Emporium.
   712 | D:2      | Identified the +5 war axe of the Uplifting Gods {freeze,
                  | Str+2}
   721 | D:2      | Found a faded altar of an unknown god.
   726 | D:2      | Identified the +8 mace of Fear {freeze, Stlth+}
   913 | D:3      | Noticed Sigmund
   928 | D:3      | HP: 1/36 [poisoned by Sigmund]
   929 | D:3      | Succumbed to Sigmund's poison

Illustrated notes

Levels and vault maps discovered:
D:1:      dpeg_arrival_connections, layout_rooms
D:2:      layout_rooms, serial_shops, shop, hellmonk_ecumenical_altar_lost_god
D:3:      layout_basic, lemuel_doored_altar, lemuel_crystal_altar,
          nicolae_wu_jian_glorious_leap, ashenzari_conservatory_becter,
          tgw_trog, uniq_grinder, uniq_natasha, uniq_sigmund

Action                     || total
---------------------------++-------
  Melee: Unarmed           ||    53
         War axe           ||     8
    Use: Potion            ||     1
 Armour: Robe              ||    48
  Dodge: Dodged            ||    37

Table legend: (Time is in decaauts)
 A = Elapsed time spent in this place.
 B = Non-inter-level travel time spent in this place.
 C = Inter-level travel time spent in this place.
 D = Time resting spent in this place.
 E = Time spent auto-exploring this place.
 F = Levels seen in this place.
 G = Mean time per level.
                   A        B        C        D        E       F      G
               +--------+--------+--------+--------+--------+-----+--------+
         Total |    927 |    884 |     43 |      0 |    662 |   3 |  309.0 |
       Dungeon |    927 |    884 |     43 |      0 |    662 |   3 |  309.0 |
               +--------+--------+--------+--------+--------+-----+--------+

Top non-repeatable levels by time:
     D:2: 458 daAuts
     D:1: 448 daAuts
     D:3: 20 daAuts
